 Dungeon Crawl Stone Soup version 0.24-a0-439-g6dd8730de2 (webtiles) character file.

Game seed: 8214241843578944051

1095 Gumption the Bolt Thrower (level 8, -8/61 HPs)
             Began as a Human Hunter on June 18, 2019.
             Shot with an arrow by a centaur (13 damage)
             ... on level 5 of the Dungeon.
             The game lasted 00:22:08 (5555 turns).

Gumption the Bolt Thrower (Human Hunter)            Turns: 5555, Time: 00:22:09

Health: -8/61      AC: 11    Str: 15    XL:     8   Next: 57%
Magic:  8/8        EV:  8    Int: 12    God:
Gold:   226        SH:  0    Dex: 13    Spells: 7/7 levels left

rFire    . . .     SeeInvis .   a - +1 hand crossbow
rCold    . . .     Gourm    .   (no shield)
rNeg     . . .     Faith    .   m - +0 chain mail
rPois    .         Spirit   .   (no helmet)
rElec    .         Reflect  .   x - +0 cloak
rCorr    .         Harm     .   s - +0 pair of gloves
MR       .....                  (no boots)
Stlth    ..........             (no amulet)
HPRegen  0.20/turn              (no ring)
MPRegen  0.11/turn              (no ring)

@: no status effects
A: no striking features
a: no special abilities


You were on level 5 of the Dungeon.
You were not hungry.

You visited 1 branch of the dungeon, and saw 5 of its levels.

You collected 226 gold pieces.

Inventory:

Hand Weapons
 a - a +1 hand crossbow (weapon)
 b - a +2 flail of venom
 r - a cursed -1 spear
Missiles
 i - 121 stones (quivered)
 u - 6 javelins
Armour
 k - a +0 plate armour
 m - a +0 chain mail (worn)
 s - a +0 pair of gloves (worn)
 x - a +0 cloak (worn)
Jewellery
 y - an uncursed ring of see invisible {unknown}
Wands
 h - a wand of enslavement (10)
Scrolls
 g - a scroll of enchant armour {unknown}
 j - a scroll of immolation {unknown}
 l - a scroll of fear {unknown}
 n - 4 scrolls of remove curse {unknown}
 o - a scroll of magic mapping
 t - 6 scrolls of identify
 v - 2 scrolls of teleportation {unknown}
Potions
 f - 2 potions of agility
 p - 2 potions of might
 q - 3 potions of curing {unknown}
 w - a potion of flight
 z - 3 potions of heal wounds
 A - a potion of ambrosia {unknown}
 B - a potion of lignification {unknown}
Comestibles
 c - 11 chunks of flesh
 e - 10 rations


   Skills:
 + Level 4.5 Fighting
 * Level 7.2 Crossbows
 + Level 4.0 Armour
 + Level 4.6 Dodging
 - Level 1.0 Stealth


You had 7 spell levels left.
You didn't know any spells.
Your spell library contained the following spells:

 Spells                   Type           Power        Failure   Level  Hunger
 Summon Small Mammal      Summ           #...         99%         1    ##.....
 Call Imp                 Summ           #.......     100%        2    ###....
 Call Canine Familiar     Summ           #.......     100%        3    ####...
 Summon Guardian Golem    Hex/Summ       #.......     100%        3    ####...
 Summon Ice Beast         Ice/Summ       #.......     100%        4    #####..
 Summon Lightning Spire   Summ/Air       #.......     100%        4    #####..


Dungeon Overview and Level Annotations

Branches:
Dungeon (5/15)
 Temple: D:4-7

Altars:


Message History

The stone hits the centaur but does no damage.
The centaur is moderately wounded.
The centaur shoots an arrow.
The arrow hits you but does no damage.
Throwing (i - inventory. (/) - cycle)
i - 123 stones (quivered)
Press: ? - help, Shift-Dir - straight line, f/p - centaur
Aim: a centaur, wielding a +0 shortbow (moderately wounded)
You throw a stone.
The stone hits the centaur but does no damage.
The centaur is moderately wounded.
The centaur shoots an arrow.
The arrow completely misses you.
The centaur shoots an arrow.
The arrow hits you!
* * * LOW HITPOINT WARNING * * *
Throwing (i - inventory. (/) - cycle)
i - 122 stones (quivered)
Press: ? - help, Shift-Dir - straight line, f/p - centaur
Aim: a centaur, wielding a +0 shortbow (moderately wounded)
You throw a stone.
The stone hits the centaur but does no damage.
The centaur is moderately wounded.
The centaur shoots an arrow.
The arrow hits you!
You die...

###......#.#.#.#.#.#.......
#.........#.#.#.#.#.##
##........#.#.#.#.#.#.#
##.........#.#.#.#)#.##
###......##.#.#.#.#.#.###
......####..###.........#
..<#........# #....(...##
...###.....##.#(........#
##.##.....##....@...........
##.#......((.....(.(.)......
..)..........(#...(...).....§
÷<#...........#...(c(.#......
.##..........(##(...(.#.(..#§
............#...(.##.(#..(.#
.###........# ..... ..(( .(
## ##...^.#..##...##..(( #
......#.......#..(.


You could see a centaur.

Vanquished Creatures
  A troll (D:5)
  Edmund (D:4)
  An ogre (D:5)
  A centaur (D:5)
  A howler monkey (D:5)
  3 crimson imps (D:5)
  An orc priest (D:3)
  A hound (D:4)
  A jelly (D:5)
  A quasit (D:5)
  3 orc wizards
  Terence (D:3)
  Natasha (thrice) (D:4)
  A worker ant (D:5)
  2 adders
  An ooze (D:3)
  3 worms
  5 dart slugs
  4 leopard geckos
  18 orcs
  6 giant cockroaches
  6 goblins
  8 hobgoblins
  7 jackals
  5 kobolds
  3 quokkas
  6 bats
  4 frilled lizards
  A leopard gecko zombie (D:5)
  6 rats
105 creatures vanquished.

Vanquished Creatures (others)
  An orc wizard (D:5)
  A bat (D:3)
2 creatures vanquished.

Grand Total: 107 creatures vanquished

Notes
Turn   | Place    | Note
-------+----------+-------------------------------------------
     0 | D:1      | Gumption the Human Hunter began the quest for the Orb.
     0 | D:1      | Reached XP level 1. HP: 16/16 MP: 1/1
   316 | D:1      | Reached XP level 2. HP: 13/22 MP: 2/2
  1061 | D:1      | Reached XP level 3. HP: 27/27 MP: 3/3
  1599 | D:2      | Reached skill level 1 in Armour
  1827 | D:2      | Reached XP level 4. HP: 34/34 MP: 4/4
  2732 | D:3      | Reached XP level 5. HP: 39/39 MP: 5/5
  2785 | D:3      | Noticed Terence
  2791 | D:3      | Killed Terence
  2791 | D:3      | Reached skill level 5 in Crossbows
  3042 | D:3      | HP: 2/41 [orc priest/nerve-wracking pain (6)]
  3046 | D:3      | Reached XP level 6. HP: 3/47 MP: 6/6
  4056 | D:4      | Noticed Edmund
  4071 | D:4      | Killed Edmund
  4420 | D:4      | Noticed Natasha
  4429 | D:4      | Killed Natasha
  4429 | D:4      | Reached XP level 7. HP: 40/52 MP: 7/7
  4584 | D:4      | Noticed Natasha
  4586 | D:4      | Killed Natasha
  5074 | D:4      | Noticed Natasha
  5078 | D:4      | Killed Natasha
  5112 | D:5      | Entered Level 5 of the Dungeon
  5118 | D:5      | Reached skill level 6 in Crossbows
  5150 | D:5      | Noticed a troll
  5157 | D:5      | Killed a troll
  5157 | D:5      | Reached XP level 8. HP: 27/60 MP: 8/8
  5461 | D:5      | Reached skill level 7 in Crossbows
  5555 | D:5      | Shot with an arrow by a centaur

Levels and vault maps discovered:
D:1:      dpeg_arrival_concentric_ovals, layout_basic
D:2:      layout_basic, minmay_tripent
D:3:      layout_basic, minmay_fractal_squares_5, uniq_terence
D:4:      layout_basic, uniq_edmund, uniq_natasha
D:5:      layout_cave_pools, grunt_dithmenos_smoke,
          minmay_temple_entry_large_hall, first_ration, serial_shops,
          nicolae_shop_behind_doors, glass_columns_a, minivault_23

Skill      XL: |  1  2  3  4  5  6  7  8 |
---------------+-------------------------+-----
Armour         | 1 2 3 4 |  4.0
Crossbows      | 5 6 7 |  7.2
Dodging        | 3 4 |  4.6
Fighting       | 3 4 |  4.5
Stealth        | |  1.0

Action                   |  1- 3 |  4- 6 |  7- 9 || total
-------------------------+-------+-------+-------++-------
Melee: Short sword       |   116 |    68 |       ||   184
       Flail             |       |     3 |       ||     3
 Fire: Hand crossbow     |     5 |   101 |    95 ||   201
Throw: Boomerang         |     5 |       |       ||     5
       Stone             |     5 |       |    12 ||    17
  Use: Potion            |     2 |       |       ||     2
       Scroll            |       |     4 |       ||     4
 Stab: Sleeping          |     2 |       |       ||     2
       Distracted        |     1 |       |       ||     1
  Eat: Chunk             |     3 |     4 |     1 ||     8
       Ration            |       |     1 |     1 ||     2
Armor: Leather armour    |    23 |    20 |       ||    43
       Scale mail        |       |    40 |       ||    40
       Chain mail        |       |     1 |    28 ||    29
Dodge: Dodged            |    76 |    88 |    19 ||   183

Table legend:
 A = Non-vault XP
 B = Vault XP
 C = Vault XP percentage of total XP
 D = Non-vault monster count
 E = Vault monster count
 F = Vault count percentage of total count
                 A         B        C        D         E       F
            +---------+---------+-------+---------+---------+-------
      Total |    1305 |     260 |  16.6 |      92 |      13 |  12.4
            +---------+---------+-------+---------+---------+-------
        D:1 |      34 |       0 |   0.0 |      17 |       0 |   0.0
        D:2 |      41 |      16 |  28.1 |      19 |       2 |   9.5
        D:3 |     143 |      51 |  26.3 |      23 |       9 |  28.1
        D:4 |     126 |     193 |  60.5 |       9 |       2 |  18.2
        D:5 |     961 |       0 |   0.0 |      24 |       0 |   0.0
            +---------+---------+-------+---------+---------+-------
